 Dungeon Crawl Stone Soup version bcrawl-1.28 (webtiles) character file.

Game seed: 8351915277563297284

253960 LostNumber the Skirmisher (level 7, -5/43 HPs)
             Began as a Gargoyle Archaeologist on Nov 18, 2020.
             Killed by divine providence
             ... invoked by an orc priest
              (11 damage)
             ... on level 3 of the Dungeon.
             The game lasted 00:04:47 (2744 turns).

LostNumber the Skirmisher (Gargoyle Archaeologist)  Turns: 2744, Time: 00:04:48

Health: -5/43      AC: 20    Str: 16    XL:     7   Next: 31%
Magic:  7/7        EV:  7    Int: 15    God:
Gold:   296        SH:  0    Dex:  8    Spells: 6/6 levels left

rFire    . . .     SeeInvis .   k - +2 dagger (venom)
rCold    . . .     Gourm    .   (no shield)
rNeg     + . .     Faith    .   y - +0 chain mail {rPois}
rPois    ∞         Spirit   .   n - +2 hat
rElec    +         Reflect  .   (no cloak)
rCorr    .         Harm     .   s - +1 pair of gloves
MR       .....                  d - +1 pair of boots
Stlth    ..........             (no amulet)
HPRegen  0.14/turn              (no ring)
MPRegen  0.10/turn              (no ring)

@: no status effects
A: negative energy resistance 1, electricity resistance, unbreathing,
petrification resistance, rot immunity, AC +4
a: no special abilities


You were on level 3 of the Dungeon.
You were hungry.

You visited 1 branch of the dungeon, and saw 3 of its levels.

You collected 296 gold pieces.

Inventory:

Hand Weapons
 a - a +0 whip
 f - the +8 triple crossbow of Yxaiju {velocity, rElec Str+3}
   (You acquired it on level 2 of the Dungeon)

   Any bolt fired from it inflicts extra damage.
   It affects your strength (+3).
   It insulates you from electricity.
 k - a +2 dagger of venom (weapon)
   (You took it off a goblin on level 1 of the Dungeon)
Missiles
 v - 382 bolts
Armour
 b - a +1 robe
 d - a +1 pair of boots (worn)
 n - a +2 hat (worn)
   (You found it on level 2 of the Dungeon)
 s - a +1 pair of gloves (worn)
   (You found it on level 2 of the Dungeon)
 w - a +1 hat
 y - a +0 chain mail of poison resistance (worn)
   (You found it on level 3 of the Dungeon)
Jewellery
 r - a +4 ring of slaying {unknown}
   (You found it on level 2 of the Dungeon)
 t - an uncursed ring of protection from magic {unknown}
   (You found it on level 2 of the Dungeon)
Wands
 c - a wand of disintegration (17)
   (You found it on level 3 of the Dungeon)
Scrolls
 g - 3 scrolls of magic mapping
 h - 3 scrolls of remove curse {unknown}
 i - a scroll of fog {unknown}
 j - a scroll of amnesia {unknown}
 l - a scroll of teleportation {unknown}
 o - a scroll of identify {@r1}
 u - a scroll of enchant armour {unknown}
Potions
 m - 2 potions of lignification {unknown}
 p - a potion of invisibility {unknown}
 q - 2 potions of flight {unknown}
 z - a potion of berserk rage {unknown}
 A - a potion of might
 B - 2 potions of curing {unknown}
Comestibles
 e - 9 rations {!d!d}
 x - 25 chunks of flesh


   Skills:
 + Level 4.2 Fighting
 - Level 3.5 Maces & Flails
 * Level 3.8 Crossbows
 - Level 2.6 Armour
 - Level 3.1 Dodging
 - Level 3.6 Stealth


You had 6 spell levels left.
You didn't know any spells.
Your spell library was empty.

Dungeon Overview and Level Annotations

Branches:
Dungeon (3/12)

Altars:
Makhleb
Ru
Zin
The Shining One


Innate Abilities, Weirdness & Mutations

You are resistant to torment.
Your stone body is resilient. (AC +4)
You are immune to poison.
You resist negative energy. (rN+)
You are resistant to electric shocks. (rElec)
You can survive without breathing.
You are immune to petrification.
You are immune to rotting.


Message History

The crimson imp hits you but does no damage.
You barely miss the crimson imp. The bat hits you but does no damage.
The orc hits you but does no damage.
An orc comes into view. It is wielding a +0 short sword.
The bat hits you but does no damage.
The orc priest hits you but does no damage.
The crimson imp closely misses you. The orc hits you but does no damage.
Your chain mail prevents you from hitting the crimson imp.
The bat completely misses you. The orc hits you but does no damage.
The orc priest invokes the aid of Beogh against you.
You are unaffected.
The crimson imp hits you but does no damage.
You closely miss the crimson imp. The bat hits you but does no damage.
The orc barely misses you. x2; The bat hits you but does no damage.
The crimson imp hits you but does no damage.
You hit the crimson imp. The bat hits you but does no damage.
The orc priest hits you but does no damage.
The orc hits you but does no damage. The orc barely misses you.
The crimson imp hits you but does no damage.
You hit the crimson imp.
The orc priest invokes the aid of Beogh against you.
Beogh smites you!
The leopard gecko bites you but does no damage.
The orc closely misses you. The orc hits you but does no damage.
The crimson imp hits you but does no damage.
Unknown command.
You hit the orc priest. The leopard gecko barely misses you.
The orc hits you but does no damage. x2
The orc priest hits you but does no damage.
The crimson imp shouts, "Out, out, thou skyhacking wibble-sucking codpiece!"
The crimson imp hits you.
You barely miss the orc priest.
The leopard gecko bites you but does no damage.
The orc hits you but does no damage.
The orc priest mumbles some strange prayers to Beogh against you.
Pain shoots through your body!
* * * LOW HITPOINT WARNING * * *
The orc hits you with a +0 hand axe.
* * * LOW HITPOINT WARNING * * *
The crimson imp breathes fire at you. The flame tongue hits you!
* * * LOW HITPOINT WARNING * * *
You closely miss the orc priest. The leopard gecko barely misses you.
The orc closely misses you. x2
The crimson imp hits you but does no damage.
You hit the orc priest.
The leopard gecko bites you but does no damage.
The orc priest invokes the aid of Beogh against you.
Beogh smites you!
You die...

.....# #...÷.....#
>......##+##)##+##
######## #..#..##
#.##...## ..#
##...# ##. ##..# #
+##+##'# #...boo#
#...ol@# #...oo5#
..###.og# . #...#
#...# .#### .. ...


You could see an orc priest, an orc wizard, a crimson imp, 4 orcs, a leopard
gecko, a hobgoblin and a bat.

Vanquished Creatures
  A water moccasin (D:3)
  2 sky beasts
  A crimson imp (D:2)
  An orc wizard (D:2)
  Jessica (D:2)
  A worker ant (D:3)
  Robin (D:2)
  2 adders (D:3)
  An ooze (D:3)
  4 worms
  5 dart slugs
  4 leopard geckos
  6 orcs
  4 ball pythons
  3 giant cockroaches
  15 goblins
  12 hobgoblins
  5 jackals
  3 quokkas (D:2)
  6 bats
  10 kobolds
  5 rats
93 creatures vanquished.

Notes
Turn   | Place    | Note
-------+----------+-------------------------------------------
     0 | D:1      | LostNumber the Gargoyle Archaeologist began the quest for
                  | the Orb.
     0 | D:1      | Reached XP level 1. HP: 12/12 MP: 1/1
   287 | D:1      | Reached XP level 2. HP: 13/16 MP: 2/2
   381 | D:1      | Reached skill level 1 in Armour
   669 | D:1      | Reached XP level 3. HP: 21/21 MP: 3/3
   986 | D:1      | Found a sacrificial altar of Ru.
  1243 | D:2      | Reached skill level 2 in Fighting
  1243 | D:2      | Reached XP level 4. HP: 16/26 MP: 4/4
  1299 | D:2      | Noticed Jessica
  1304 | D:2      | Killed Jessica
  1308 | D:2      | Found a glowing golden altar of the Shining One.
  1490 | D:2      | Noticed a sky beast
  1521 | D:2      | Killed a sky beast
  1521 | D:2      | Reached XP level 5. HP: 22/32 MP: 5/5
  1521 | D:2      | Identified a scroll of acquirement
  1532 | D:2      | Identified the +8 triple crossbow of Yxaiju {velocity,
                  | rElec Str+3} (You acquired it on level 2 of the Dungeon)
  1532 | D:2      | Identified the ring "Ynapiu" {rPois rC+ Stlth+} (You
                  | acquired it on level 2 of the Dungeon)
  1586 | D:2      | Reached skill level 3 in Fighting
  1586 | D:2      | Reached XP level 6. HP: 31/37 MP: 6/6
  1713 | D:2      | Reached skill level 1 in Crossbows
  1925 | D:2      | Found a burning altar of Makhleb.
  1925 | D:2      | Found a glowing silver altar of Zin.
  1926 | D:2      | Noticed an angel
  1926 | D:2      | Noticed a blizzard demon
  2179 | D:3      | Noticed a sky beast
  2206 | D:3      | Killed a sky beast
  2445 | D:3      | Noticed a water moccasin
  2463 | D:3      | Killed a water moccasin
  2463 | D:3      | Reached skill level 4 in Fighting
  2463 | D:3      | Reached XP level 7. HP: 26/43 MP: 7/7
  2477 | D:2      | Noticed Robin
  2570 | D:2      | Killed Robin
  2744 | D:3      | Killed from afar by an orc priest

Skill      XL: |  1  2  3  4  5  6 |
---------------+-------------------+-----
Armour         | 1 2 |  2.6
Maces & Flails | 2 3 |  3.5
Fighting       | 2 3 4 |  4.2
Dodging        | 3 |  3.1
Crossbows      | 3 |  3.8
Stealth        | |  3.6

Action                   |  1- 3 |  4- 6 |  7- 9 || total
-------------------------+-------+-------+-------++-------
Melee: Whip              |    11 |       |       ||    11
       Dagger            |    87 |   178 |    79 ||   344
  Use: Potion            |     2 |       |       ||     2
       Scroll            |       |     1 |       ||     1
 Stab: Sleeping          |     1 |     2 |       ||     3
       Distracted        |       |     1 |       ||     1
  Eat: Chunk             |     3 |     8 |     3 ||    14
Armor: Robe              |    32 |    57 |       ||    89
       Chain mail        |       |    28 |   106 ||   134
Dodge: Dodged            |    47 |    97 |    48 ||   192
